 Seeded DCSS version 0.29-a0-876-gfc89b1a5bd (webtiles) character file.

Game seed: 8897551386731462229 (custom seed)

13550 wilfster70 the Cleaver (level 12, -3/73 HPs)
             Began as a Gargoyle Fighter on July 19, 2022.
             Was a High Priest of Okawaru.
             Slain by Snorg (16 damage)
             ... on level 10 of the Dungeon.
             The game lasted 00:20:17 (9639 turns).

wilfster70 the Cleaver (Gargoyle Fighter)           Turns: 9639, Time: 00:20:18

Health: -3/73      AC: 53    Str: 25    XL:     12   Next: 7%
Magic:  12/18      EV:  7    Int: 11    God:    Okawaru [*****.]
Gold:   1637       SH:  6    Dex: 13    Spells: 11/11 levels left

rFire   . . .      SeeInvis +   a - +2 broad axe (elec)
rCold   . . .      Faith    .   c - +0 buckler
rNeg    + + .      Spirit   .   m - +5 crystal plate armour of Abokeluo {rN+ Str+2 Dex+4}
rPois   ∞          Reflect  .   P - +1 helmet {SInv}
rElec   +          Harm     .   I - +1 cloak
rCorr   .          Rampage  ∞   g - +2 pair of gloves
Will    .....                   O - +3 pair of seven-league boots {Rampage+∞}
Stlth   ..........              R - amulet of regeneration
HPRegen 1.02/turn               f - +4 ring of protection
MPRegen 0.16/turn               (no ring)

@: heroic, finesse-ful, attractive
A: sickness immunity, AC +8, negative energy resistance 1, electricity
resistance, torment resistance 1, petrification resistance
a: Renounce Religion, Heroism, Finesse, Duel


You were on level 10 of the Dungeon.
You worshipped Okawaru.
Okawaru was extremely pleased with you.
You visited 2 branches of the dungeon, and saw 11 of its levels.
You also visited: Ossuary and Bailey.

You collected 1637 gold pieces.

Inventory:

Hand Weapons
 a - a +2 broad axe of electrocution (weapon)
 b - the +1 mace "Vidghe" {vamp, rF+ rC+}
   (You acquired it on level 1 of the Dungeon)

   It occasionally heals its wielder for a portion of the damage dealt when it
   wounds a living foe.
   rF:        It protects you from fire.
   rC:        It protects you from cold.
Missiles
 h - 2 javelins (quivered)
 S - a throwing net
Armour
 c - a +0 buckler (worn)
 g - a +2 pair of gloves (worn)
 m - the +5 crystal plate armour of Abokeluo (worn) {rN+ Str+2 Dex+4}
   (You acquired it on level 1 of the Dungeon)

   Str:       It affects your strength (+2).
   Dex:       It affects your dexterity (+4).
   rN:        It protects you from negative energy.
 I - a +1 cloak (worn)
 O - the +3 pair of seven-league boots (worn) {Rampage+∞}
   (You acquired it on level 8 of the Dungeon)

   Its wearer moves as far as possible in that direction when moving towards
   enemies.
 P - a +1 helmet of see invisible (worn)
Jewellery
 f - a +4 ring of protection (left hand)
 v - a ring of fire
 R - an amulet of regeneration (around neck)
 T - a ring of ice
Wands
 z - a wand of charming (10)
 A - a wand of roots (5)
 B - a wand of light (10)
 D - a wand of flame (14)
 F - a wand of digging (6)
 H - a wand of mindburst (11)
Scrolls
 j - 3 scrolls of poison
 k - 3 scrolls of magic mapping {unknown}
 l - a scroll of brand weapon {unknown}
 n - 3 scrolls of amnesia {unknown}
 o - 6 scrolls of blinking {unknown}
 q - 10 scrolls of teleportation {unknown}
 s - 2 scrolls of vulnerability {unknown}
 t - 2 scrolls of enchant weapon {unknown}
 x - a scroll of silence {unknown}
 y - a scroll of fog {unknown}
 J - 2 scrolls of fear {unknown}
 K - a scroll of immolation {unknown}
Potions
 d - a potion of might
 e - 11 potions of curing
 i - a potion of brilliance {unknown}
 p - 3 potions of degeneration {unknown}
 u - 2 potions of flight
 w - 3 potions of mutation
 C - 4 potions of resistance
 E - a potion of invisibility {unknown}
 G - 3 potions of lignification
 L - 3 potions of haste
 M - a potion of attraction
 N - a potion of magic {unknown}
 Q - 2 potions of heal wounds {unknown}


   Skills:
 - Level 8.0(13.0) Fighting
 * Level 13.5(18.5) Axes
 - Level 7.8(12.8) Armour
 - Level 3.2(8.2) Shields
 + Level 8.9 Invocations


You had 11 spell levels left.
You didn't know any spells.
Your spell library contained the following spells:

 Spells                   Type           Power      Damage    Failure   Level
 Apportation              Tloc           0%         N/A       100%        1
 Necrotise                Necr           0%         1d4       100%        1
 Ensorcelled Hibernation  Hex/Ice        0%         N/A       100%        2
 Passwall                 Tmut/Erth      0%         N/A       100%        2
 Swiftness                Air            0%         N/A       100%        3
 Alistair's Intoxication  Tmut/Pois      0%         N/A       100%        5
 Summon Small Mammal      Summ           Unusable   N/A       N/A         1

Dungeon Overview and Level Annotations

Branches:
Dungeon (10/15)            Temple (1/1) D:7         Ossuary (visited)
 Bailey (visited)
   Lair: D:8-11         Orc: D:9-12

Altars:
Cheibriados
Dithmenos
Fedhas
Gozag
Hepliaklqana
Kikubaaqudgha
Makhleb
Nemelex Xobeh
Okawaru
Ru
Trog
Vehumet
Xom
Yredelemnul
The Shining One

Annotations:
D:4 2 transporters, Vorhees's ghost, amateur GrEE
D:10 Snorg


Innate Abilities, Weirdness & Mutations

You are immune to sickness and miasma.
Your stone body is resilient. (AC +8)
You are immune to poison.
You resist negative energy. (rN+)
You are resistant to electric shocks. (rElec)
You are resistant to unholy torment.
You are immune to petrification.


Message History

Snorg misses you. x2; Snorg claws you but does no damage.
You can now deal lightning-fast blows.
Snorg bites you but does no damage. Snorg claws you.
* * * LOW HITPOINT WARNING * * *
Snorg completely misses you. Snorg bites you but does no damage.
Snorg barely misses you. Snorg claws you but does no damage.
You slice Snorg!!
Snorg is heavily wounded.
You closely miss Snorg.
Snorg is heavily wounded.
Snorg bites you but does no damage. Snorg misses you.
Snorg claws you but does no damage.
You hit Snorg.
Snorg is heavily wounded.
You closely miss Snorg.
Snorg is heavily wounded.
Snorg barely misses you. Snorg claws you but does no damage. Snorg claws you.
* * * LOW HITPOINT WARNING * * *
You slash Snorg!
Snorg is severely wounded.
You closely miss Snorg.
Snorg is severely wounded.
Snorg barely misses you. Snorg completely misses you. Snorg barely misses you.
You barely miss Snorg.
Snorg is severely wounded.
Snorg bites you but does no damage. You block Snorg's attack. x2
You slash Snorg!
Snorg is severely wounded.
You hit Snorg.
Snorg is severely wounded.
You slash Snorg! Lightning courses through Snorg!
Snorg is almost dead.
Snorg completely misses you. Snorg claws you!
* * * LOW HITPOINT WARNING * * *
You block Snorg's attack.
You hit Snorg.
Snorg is almost dead.
Snorg bites you but does no damage. Snorg claws you but does no damage. x2
You feel better. Snorg bites you but does no damage. Snorg claws you!
You die...

### #.. ... #.# ##
#######.####
.########...........#
# ).........# #T##.#
.# .########## #@##.#
#.# ## #.##.# #.. #
#######.##.##.#
..............#
#####.####..#.#
#.####..# #.......#
#.####..# #..##


You could see Snorg (berserk).

Vanquished Creatures
  Fannar (D:10)
  2 two-headed ogres
  An orc high priest (Bailey)
  A skeletal warrior (D:9)
  Amaemon (D:8)
  The ghost of gabibbone the Zephyrmancer, a novice OpVM (D:7)
  Pikel (D:5)
  An unseen horror (D:10)
  An orange demon (D:8)
  A kobold demonologist (Bailey)
  3 hornets
  5 wraiths (D:9)
  A vampire (D:9)
  6 yaks
  2 steam dragons
  Menkaure (D:7)
  16 orc warriors
  A sky beast (D:7)
  3 black bears
  2 ogres
  3 ice beasts (D:6)
  A phantom (D:6)
  3 centaurs
  An elf zombie (Ossuary)
  Blork the orc (D:5)
  3 kobold brigands
  4 bullfrogs
  A gnoll sergeant (D:9)
  2 scorpions
  A necrophage (D:7)
  5 wights (D:7)
  8 killer bees
  3 electric eels (Bailey)
  3 centaur zombies (Ossuary)
  3 hounds (D:5)
  6 orc priests
  A bullfrog skeleton (Ossuary)
  Crazy Yiuf (D:6)
  A gnoll bouda (D:9)
  2 human zombies (Ossuary)
  2 iguanas
  8 orc wizards
  2 killer bee zombies (D:7)
  2 mummies (Ossuary)
  35 gnolls
  12 adders
  An orc skeleton (Ossuary)
  A shadow imp (D:7)
  2 white imps (D:5)
  An adder zombie (Ossuary)
  An iguana skeleton (Ossuary)
  3 worms
  2 dart slugs
  68 orcs
  4 bats
  9 endoplasms
  4 giant cockroaches
  7 goblins
  11 hobgoblins
  4 jackals (D:1)
  25 kobolds
  8 ball pythons
  6 frilled lizards
  3 goblin zombies (Ossuary)
  7 hobgoblin zombies (Ossuary)
  8 kobold zombies (Ossuary)
  10 orc zombies (Ossuary)
  A rat (D:3)
  A rat zombie (Ossuary)
352 creatures vanquished.

Vanquished Creatures (others)
  An orc wizard (Bailey)
  A gnoll (Bailey)
  2 orcs (Bailey)
  A fungus (D:2)
  A plant (D:2)
6 creatures vanquished.

Grand Total: 358 creatures vanquished

Notes
Turn   | Place    | Note
-------+----------+-------------------------------------------
     0 | D:1      | wilfster70 the Gargoyle Fighter began the quest for the
                  | Orb.
     0 | D:1      | Reached XP level 1. HP: 14/14 MP: 1/1
    71 | D:1      | Reached skill level 2 in Axes
   158 | D:1      | Reached XP level 2. HP: 11/19 MP: 2/2
   669 | D:1      | Identified a scroll of acquirement
   669 | D:1      | Acquired the +1 mace "Vidghe" {vamp, rF+ rC+}
   889 | D:1      | Acquired the +5 crystal plate armour of Abokeluo {rN+ Str+2
                  | Dex+4}
  1070 | D:2      | Reached XP level 3. HP: 23/23 MP: 3/3
  1213 | D:2      | Reached skill level 3 in Axes
  1213 | D:2      | Reached XP level 4. HP: 27/29 MP: 4/4
  1563 | D:2      | Found a faded altar of an unknown god.
  2057 | D:3      | Reached XP level 5. HP: 33/33 MP: 5/5
  2095 | D:3      | Found a bloodstained altar of Trog.
  2259 | D:3      | Reached skill level 4 in Axes
  2259 | D:3      | Reached XP level 6. HP: 31/39 MP: 6/6
  2585 | D:3      | Found a shimmering altar of Xom.
  2829 | D:4      | Found a burning altar of Makhleb.
  2925 | D:4      | Found an ancient bone altar of Kikubaaqudgha.
  2928 | D:4      | Found a hazy altar of Hepliaklqana.
  3272 | D:4      | Found an opulent altar of Gozag.
  3386 | D:4      | Found a blossoming altar of Fedhas.
  3386 | D:4      | Found a snail-covered altar of Cheibriados.
  3517 | D:4      | Found a transporter.
  3522 | D:4      | Noticed Vorhees's ghost (amateur GrEE)
  3523 | D:4      | Found a transporter.
  3575 | D:5      | Entered Level 5 of the Dungeon
  3585 | D:5      | Reached skill level 5 in Fighting
  3586 | D:5      | Reached skill level 5 in Armour
  3589 | D:5      | Reached skill level 5 in Axes
  3589 | D:5      | Reached XP level 7. HP: 15/44 MP: 7/7
  3870 | D:5      | Noticed Pikel
  3893 | D:5      | Killed Pikel
  3894 | D:5      | Reached skill level 6 in Axes
  3894 | D:5      | Reached XP level 8. HP: 30/51 MP: 8/8
  4334 | D:5      | Noticed Blork the orc
  4343 | D:5      | Killed Blork the orc
  4696 | D:6      | Found a glowing golden altar of the Shining One.
  4704 | D:6      | Reached skill level 7 in Axes
  4760 | D:6      | Found a sacrificial altar of Ru.
  4848 | D:6      | Reached XP level 9. HP: 53/56 MP: 9/9
  5098 | D:6      | Found a runed translucent door.
  5099 | D:6      | Noticed Crazy Yiuf
  5104 | D:6      | Killed Crazy Yiuf
  5317 | D:6      | Reached skill level 8 in Axes
  5665 | D:7      | Noticed Menkaure
  5676 | D:7      | Killed Menkaure
  5822 | D:7      | Found a sand-covered staircase.
  5834 | Ossuary  | Entered an ossuary
  6100 | D:7      | Found a staircase to the Ecumenical Temple.
  6119 | Temple   | Entered the Ecumenical Temple
  6164 | Temple   | Became a worshipper of Warmaster Okawaru
  6264 | D:7      | Reached skill level 1 in Invocations
  6271 | D:7      | Reached skill level 9 in Axes
  6563 | D:7      | Reached XP level 10. HP: 60/64 MP: 11/11
  6624 | D:7      | Found a runed translucent gate.
  6624 | D:7      | Found a runed translucent gate.
  6624 | D:7      | Found a runed translucent gate.
  6624 | D:7      | Noticed gabibbone's ghost (novice OpVM)
  6627 | D:7      | Found a basalt altar of Yredelemnul.
  6856 | D:7      | Killed gabibbone's ghost
  6856 | D:7      | Reached * piety under Okawaru
  6937 | D:8      | Found a flagged portal.
  6954 | D:8      | Noticed Amaemon
  6958 | D:8      | Noticed an orange demon
  6976 | D:8      | Killed Amaemon
  6977 | D:8      | Reached skill level 10 in Axes
  6981 | D:8      | Killed an orange demon
  6981 | D:8      | Reached ** piety under Okawaru
  6993 | Bailey   | Entered a bailey
  7088 | Bailey   | Reached skill level 5 in Invocations
  7260 | Bailey   | Noticed an orc high priest
  7279 | Bailey   | Found an iron altar of Okawaru.
  7298 | Bailey   | Noticed a kobold demonologist
  7301 | Bailey   | Identified the +8 sling of Risukash {freeze, Dex+2}
  7306 | Bailey   | Noticed a soul eater
  7308 | Bailey   | Killed a kobold demonologist
  7309 | Bailey   | Reached skill level 11 in Axes
  7333 | Bailey   | Killed an orc high priest
  7333 | Bailey   | Reached *** piety under Okawaru
  7334 | Bailey   | Reached XP level 11. HP: 48/68 MP: 15/15
  8024 | D:8      | Acquired 824 gold pieces
  8026 | D:8      | Acquired a +1 helmet of see invisible
  8033 | D:8      | Acquired the +3 pair of seven-league boots {Rampage+∞}
  8033 | D:8      | Found the +3 pair of seven-league boots {Rampage+∞}
  8387 | D:8      | Reached skill level 12 in Axes
  8401 | D:8      | Noticed a two-headed ogre
  8418 | D:8      | Killed a two-headed ogre
  8418 | D:8      | Reached **** piety under Okawaru
  8930 | D:9      | Noticed a two-headed ogre
  8941 | D:9      | Killed a two-headed ogre
  8941 | D:9      | Reached ***** piety under Okawaru
  9042 | D:9      | Noticed a skeletal warrior
  9067 | D:9      | Killed a skeletal warrior
  9067 | D:9      | Received a gift from Okawaru
  9068 | D:9      | Reached skill level 13 in Axes
  9109 | D:9      | Found the +5 scythe "Finisher" {speed, eviscerate}
  9288 | D:10     | Entered Level 10 of the Dungeon
  9291 | D:10     | Found a radiant altar of Vehumet.
  9306 | D:10     | Identified the +1 leather armour of Parlour Games {rN+
                  | Int-5 Dex+3 Slay-5}
  9315 | D:10     | Noticed Fannar
  9341 | D:10     | Killed Fannar
  9342 | D:10     | Reached XP level 12. HP: 22/73 MP: 10/18
  9614 | D:10     | Noticed Snorg
  9637 | D:10     | HP: 3/73 [Snorg (15)]
  9639 | D:10     | Slain by Snorg

Illustrated notes

Levels and vault maps discovered:
D:1:      lemuel_arrival_behind_the_door_large, layout_basic, minivault_24,
          dreamdust_wishing_well, moated_statue, minmay_hedge_maze
D:2:      layout_basic, dreamdust_ecumenical_altar_grove, eino_tiny_chamber,
          minmay_joined_circles
D:3:      layout_loops_ring, bloody_trog, mainiacjoe_overflow_tiny_flanked,
          minmay_fractal_squares_gapless_5
D:4:      layout_basic, bloody_makhleb, lemuel_crystal_altar,
          gammafunk_temple_overflow_pools, grunt_temple_overflow_open,
          gammafunk_ghost_mausoleum
D:5:      layout_cave_pools, minmay_misc_feat_x, uniq_blork_the_orc, uniq_pikel
D:6:      layout_basic, mainiacjoe_overflow_catch_the_wave,
          minmay_misc_feat_pillars, minivault_24, uniq_crazy_yiuf_cottage
D:7:      layout_rooms, nicolae_yredelemnul_ghost_church,
          minmay_temple_entry_ruins, chequers_ossuary_entry_cave,
          corexii_corridor_pit, uniq_menkaure
D:8:      layout_loops_cross, enter_bailey_5, uniq_amaemon
D:9:      layout_cave_pools, minmay_guarded_unrand_finisher
D:10:     layout_loops_ring, vehumet_crystals, erik_lair_dragon, serial_shops,
          shop, uniq_harold, uniq_snorg, uniq_fannar
Temple:   hellmonk_temple_beads

Skill      XL: |  1  2  3  4  5  6  7  8  9 10 11 |
---------------+----------------------------------+-----
Axes           | 2 3 4 5 6 7 9 11 13 | 13.5
Fighting       | 4 5 6 8 |  8.0
Armour         | 4 5 6 7 |  7.8
Invocations    | 2 6 8 |  8.9
Shields        | |  3.2

Action                   |  1- 3 |  4- 6 |  7- 9 | 10-12 || total
-------------------------+-------+-------+-------+-------++-------
Melee: War axe           |    78 |   170 |    13 |       ||   261
       Broad axe         |       |       |   256 |   450 ||   706
Invok: Heroism           |       |       |       |     3 ||     3
       Finesse           |       |       |       |     3 ||     3
Evoke: Wand              |       |       |       |     1 ||     1
  Use: Scroll            |     2 |     5 |     3 |     7 ||    17
       Potion            |       |       |       |     2 ||     2
Armor: Scale mail        |     6 |       |       |       ||     6
       Plate armour      |    50 |       |       |       ||    50
       Crystal plate arm |    28 |   146 |   217 |   474 ||   865
Dodge: Dodged            |    20 |    30 |    63 |   128 ||   241
Block: Buckler           |    21 |    31 |    48 |   106 ||   206

Table legend: (Time is in decaauts)
 A = Elapsed time spent in this place.
 B = Non-inter-level travel time spent in this place.
 C = Inter-level travel time spent in this place.
 D = Time resting spent in this place.
 E = Time spent auto-exploring this place.
 F = Levels seen in this place.
 G = Mean time per level.
                   A        B        C        D        E       F      G
               +--------+--------+--------+--------+--------+-----+--------+
         Total |   9819 |   9579 |    240 |   1834 |   4026 |  13 |  755.3 |
       Dungeon |   8548 |   8333 |    215 |   1412 |   3963 |  10 |  854.8 |
        Temple |     70 |     45 |     25 |      0 |      0 |   1 |   70.0 |
       Ossuary |    231 |    231 |      0 |      6 |     63 |   1 |  231.0 |
        Bailey |    969 |    969 |      0 |    416 |      0 |   1 |  969.0 |
               +--------+--------+--------+--------+--------+-----+--------+

Top non-repeatable levels by time:
     D:6: 1103 daAuts
     D:1: 1063 daAuts
  Bailey: 969 daAuts
     D:3: 966 daAuts
     D:4: 961 daAuts
     D:7: 958 daAuts
     D:2: 875 daAuts
     D:5: 821 daAuts
     D:8: 792 daAuts
     D:9: 667 daAuts
    D:10: 339 daAuts
 Ossuary: 231 daAuts
  Temple: 70 daAuts
